 Dungeon Crawl Stone Soup version 0.22.0-25-g7663229 (webtiles) character file.

12275 glosham the Zephyrmancer (level 11, -1/54 HPs)
             Began as a Tengu Air Elementalist on Aug 20, 2018.
             Was a Believer of Vehumet.
             Slain by an orc
             ... wielding a +0 hand axe
              (3 damage)
             ... on level 11 of the Dungeon.
             The game lasted 03:04:14 (14290 turns).

glosham the Zephyrmancer (Tengu Air Elementalist)  Turns: 14290, Time: 03:04:16

Health: -1/54      AC:  6    Str: 12    XL:     11   Next: 90%
Magic:  22/43      EV: 12    Int: 18    God:    Vehumet [**....]
Gold:   95         SH:  0    Dex: 14    Spells: 16/34 levels left

rFire    . . .     SeeInvis .   a - staff of power {!a}
rCold    + . .     Gourm    .   (no shield)
rNeg     . . .     Faith    .   X - +1 robe
rPois    .         Spirit   .   (helmet restricted)
rElec    .         Reflect  .   Y - +2 cloak
rCorr    .         Harm     .   (no gloves)
MR       .....                  (boots unavailable)
Stlth    ++........             z - amulet of regeneration
HPRegen  0.58/turn              A - +2 ring of strength
MPRegen  0.28/turn              C - ring of protection from cold

@: no status effects
A: beak, talons 3, able to fly 1
a: Fly, Renounce Religion


You were on level 11 of the Dungeon.
You worshipped Vehumet.
Vehumet was pleased with you.
You were very hungry.

You visited 2 branches of the dungeon, and saw 12 of its levels.

You collected 506 gold pieces.
You spent 411 gold pieces at shops.

Inventory:

Hand Weapons
 b - a +1 dagger of electrocution
 c - a +2 broad axe
 d - a +2 short sword of holy wrath
 j - a +3 quarterstaff of chaos
 E - a +1 broad axe of electrocution
 F - the +10 dagger "Sesenam" {distort, *Drain rN+ MR+}
   (You found it on level 7 of the Dungeon)

   It warps and distorts space around it.
   Unwielding it can cause banishment or high damage.
   It protects you from negative energy.
   It affects your resistance to hostile enchantments.
   It causes draining when unequipped.
 H - a +0 whip of electrocution
 T - the +5 halberd "Muhiukomn" {elec, *Corrode rElec rN+ Dex+4, unknown}
   (You took it off a big kobold on level 10 of the Dungeon)

   Occasionally, upon striking a foe, it will discharge some electrical energy
   and cause terrible harm.
   It affects your dexterity (+4).
   It insulates you from electricity.
   It protects you from negative energy.
   It may corrode you when you take damage.
Missiles
 f - 40 sling bullets
 n - 287 stones (quivered)
 q - 163 arrows
 I - 32 bolts
Armour
 Q - a +0 scale mail of magic resistance
 V - a cursed +0 large shield
 X - a +1 robe (worn)
 Y - a +2 cloak (worn)
Magical Staves
 a - an uncursed staff of power (weapon) {!a}
 t - an uncursed staff of fire
 N - an uncursed staff of cold
Jewellery
 y - an uncursed amulet of rage
 z - an amulet of regeneration (around neck)
 A - a +2 ring of strength (left hand)
 C - a ring of protection from cold (right hand)
Wands
 g - a wand of digging (8)
 v - a wand of iceblast (8)
 w - a wand of polymorph (12)
 L - a wand of scattershot (7)
 M - a wand of flame (10)
 O - a wand of enslavement (6)
 R - a wand of acid (12)
Scrolls
 k - 3 scrolls of teleportation
 l - a scroll of blinking
 m - 3 scrolls of fog
 o - 5 scrolls of remove curse
 J - a scroll of immolation
 P - 3 scrolls of magic mapping
Potions
 h - 3 potions of flight
 i - 2 potions of brilliance
 p - 2 potions of might {unknown}
 r - 2 potions of curing
 s - 5 potions of heal wounds
 u - a potion of resistance {unknown}
 x - 6 potions of agility
 B - 4 potions of mutation {!q}
 D - a potion of invisibility {unknown}
 G - a potion of cancellation {unknown}
 K - 3 potions of ambrosia {unknown}
 S - 2 potions of magic {unknown}
 U - 2 potions of degeneration {unknown}
Comestibles
 e - 17 rations


   Skills:
 - Level 2.1 Dodging
 - Level 2.0 Stealth
 - Level 12.0 Spellcasting
 - Level 11.0 Conjurations
 * Level 13.5 Air Magic


You had 16 spell levels left.
You knew the following spells:

 Your Spells              Type           Power        Failure   Level  Hunger
b - Blink                 Tloc           N/A          10%         2    None
c - Airstrike             Air            ######....   1%          4    ##.....
e - Static Discharge      Conj/Air       ######..     1%          3    None
m - Mephitic Cloud        Conj/Pois/Air  #####...     1%          3    None
x - Lightning Bolt        Conj/Air       ######....   1%          5    ####...
z - Shock                 Conj/Air       ####         1%          1    None

Your spell library contained the following spells:

 Spells                   Type           Power        Failure   Level  Hunger
 Sandblast                Erth           ##....       6%          1    None
 Magic Dart               Conj           ####         1%          1    None
 Swiftness                Chrm/Air       #####...     1%          2    None
 Conjure Flame            Conj/Fire      ####....     1%          3    None
 Stone Arrow              Conj/Erth      ####..       1%          3    None
 Force Lance              Conj/Tloc      ####....     7%          4    ##.....
 Call Imp                 Summ           ##......     10%         2    None
 Slow                     Hex            ##......     10%         2    None
 Spectral Weapon          Hex/Chrm       ##......     19%         3    None
 Bolt of Fire             Conj/Fire      ####......   71%         6    ######.


Dungeon Overview and Level Annotations

Branches:
Dungeon (11/15)            Temple (1/1) D:7             Orc (0/2) D:10
   Lair: D:8-11

Altars:
Ashenzari
Cheibriados
Dithmenos
Elyvilon
Fedhas
Gozag
Hepliaklqana
Kikubaaqudgha
Makhleb
Nemelex Xobeh
Okawaru
Qazlal
Ru
Sif Muna
Trog
Uskayaw
Vehumet
Wu Jian
Xom
Yredelemnul
Zin
The Shining One

Shops:
D:4 *   D:9 }


Innate Abilities, Weirdness & Mutations

You have a beak for a mouth.
You have claws for feet.
You can fly.


Message History

You feel your power returning.
You hear an angry buzzing noise.
The orc closely misses you. The orc hits you but does no damage.
The centaur skeleton hits you but does no damage.
The orc wizard hits you with a dagger.
The crimson imp blinks!
You hear an angry buzzing noise.
Casting: Airstrike (safe; 1% risk of failure)
Confirm with . or Enter, or press ? or * to list all spells.
Aiming: Airstrike (safe; 1% risk of failure)
Press: ? - help, Dir - move target cursor, f - acid dragon
Aim: an acid dragon The air twists around and violently strikes the acid dragon!
The acid dragon is severely wounded.
The orc closely misses you.
The centaur skeleton closely misses you.
The orc hits you with a whip!
A killer bee comes into view.
The orc hits you with a hand axe!
The orc wizard hits you but does no damage.
The centaur skeleton hits you!
Casting: Airstrike (safe; 1% risk of failure)
Confirm with . or Enter, or press ? or * to list all spells.
Aiming: Airstrike (safe; 1% risk of failure)
Press: ? - help, Dir - move target cursor, f/p - acid dragon
Aim: an acid dragon (severely wounded)
The air twists around and violently strikes the acid dragon!
You kill the acid dragon!
Vehumet accepts your kill.
You feel your power returning. The orc closely misses you.
The orc hits you with a hand axe! The centaur skeleton hits you.
* * * LOW HITPOINT WARNING * * *
The orc wizard hits you with a dagger.
* * * LOW HITPOINT WARNING * * *
The orc hits you with a hand axe!
* * * LOW HITPOINT WARNING * * *
The orc barely misses you.
The centaur skeleton closely misses you.
The orc wizard hits you but does no damage.
The orc hits you with a hand axe.
You die...

. ###
.?.##..###
......o..#
......Z@.#
......yoo#
..#####O...
y†.....
.####...#
.. #..# #.
..# .. ..


You could see a two-headed ogre, 2 killer bees, an orc wizard, 2 orcs and a
centaur skeleton.

Vanquished Creatures
  Harold (D:7)
  A hydra (D:10)
  2 two-headed ogres
  A moth of wrath (shapeshifter) (D:11)
  A cyclops (D:11)
  Maurice (D:9)
  A troll (D:9)
  Prince Ribbit (D:9)
  2 dream sheep (D:10)
  3 hippogriffs
  A vampire (D:10)
  6 yaks
  Grum (D:9)
  A hungry ghost (D:7)
  Menkaure (D:7)
  An acid dragon (D:11)
  2 water moccasins
  3 orc warriors
  A phantom (D:9)
  An ice beast (D:7)
  3 sky beasts
  A black bear (D:9)
  4 wolves (D:9)
  An eye of draining (D:9)
  7 ogres
  5 centaurs
  4 bullfrogs
  4 big kobolds (D:10)
  A water moccasin zombie (D:8)
  7 scorpions
  A water moccasin skeleton (D:7)
  10 killer bees
  4 wights (D:9)
  2 howler monkeys
  A bullfrog zombie (D:6)
  A quasit (D:8)
  3 crimson imps
  3 hounds
  Crazy Yiuf (D:7)
  3 jellies
  4 orc priests
  2 centaur skeletons
  A bullfrog skeleton (D:4)
  16 orc wizards
  7 worker ants
  Natasha (thrice) (D:4)
  A killer bee zombie (D:9)
  Robin (D:4)
  3 gnolls (D:7)
  12 adders
  A shadow imp (D:8)
  3 oozes
  An adder zombie (D:9)
  An adder skeleton (D:9)
  A worm (D:4)
  3 dart slugs
  6 leopard geckos
  38 orcs
  A bat (D:1)
  3 giant cockroaches
  14 goblins
  5 hobgoblins
  10 jackals
  5 quokkas
  2 ball pythons
  A ball python skeleton (D:5)
  2 frilled lizards
  A giant cockroach zombie (D:5)
  9 kobolds
  A quokka skeleton (D:5)
  9 rats
265 creatures vanquished.

Vanquished Creatures (collateral kills)
  An ice beast (D:9)
1 creature vanquished.

Vanquished Creatures (others)
  An adder (D:7)
1 creature vanquished.

Grand Total: 267 creatures vanquished

Notes
Turn   | Place    | Note
-------+----------+-------------------------------------------
     0 | D:1      | glosham the Tengu Air Elementalist began the quest for the Orb.
     0 | D:1      | Reached XP level 1. HP: 10/10 MP: 4/4
    55 | D:1      | Reached skill level 2 in Conjurations
   271 | D:1      | Reached XP level 2. HP: 15/15 MP: 3/6
   346 | D:1      | Reached skill level 3 in Conjurations
  1003 | D:2      | Reached XP level 3. HP: 19/19 MP: 3/7
  1066 | D:2      | Noticed a scorpion
  1076 | D:2      | Killed a scorpion
  1076 | D:2      | Reached skill level 4 in Conjurations
  1076 | D:2      | Reached XP level 4. HP: 18/24 MP: 1/8
  1237 | D:2      | Learned a level 3 spell: Static Discharge
  1239 | D:2      | Reached skill level 5 in Air Magic
  2045 | D:2      | Reached skill level 5 in Conjurations
  2094 | D:2      | Gained mutation: You can fly. [Tengu growth]
  2094 | D:2      | Reached XP level 5. HP: 28/28 MP: 7/9
  2995 | D:3      | Found a shattered altar of Ashenzari.
  3352 | D:4      | Noticed Natasha
  3436 | D:4      | Killed Natasha
  3540 | D:4      | Noticed Natasha
  3546 | D:4      | Killed Natasha
  3550 | D:4      | Noticed Natasha
  3562 | D:4      | Killed Natasha
  3562 | D:4      | Reached skill level 6 in Air Magic
  3562 | D:4      | Reached XP level 6. HP: 32/32 MP: 2/11
  3635 | D:3      | Learned a level 5 spell: Lightning Bolt
  3668 | D:4      | Found Ijeydgh's Assorted Antiques.
  3839 | D:4      | Reached skill level 6 in Conjurations
  3947 | D:4      | Noticed Robin
  3979 | D:4      | Killed Robin
  4213 | D:4      | Reached skill level 7 in Air Magic
  4213 | D:4      | Reached XP level 7. HP: 36/36 MP: 5/12
  4371 | D:4      | Bought 2 emerald potions for 54 gold pieces
  4371 | D:4      | Bought a scroll labeled LEOSKE YQUSU for 30 gold pieces
  4371 | D:4      | Bought a fuming amethyst potion for 27 gold pieces
  4379 | D:5      | Entered Level 5 of the Dungeon
  4515 | D:5      | Reached skill level 7 in Conjurations
  4948 | D:5      | Reached skill level 3 in Spellcasting
  4953 | D:5      | Learned a level 3 spell: Mephitic Cloud
  5095 | D:5      | Reached skill level 8 in Conjurations
  5298 | D:5      | Reached XP level 8. HP: 41/41 MP: 6/13
  5562 | D:5      | Reached skill level 8 in Air Magic
  5627 | D:5      | Reached skill level 9 in Conjurations
  6215 | D:6      | Reached skill level 9 in Air Magic
  6736 | D:6      | Reached skill level 10 in Conjurations
  6862 | D:6      | Reached skill level 10 in Air Magic
  7312 | D:7      | Reached XP level 9. HP: 40/45 MP: 14/14
  7364 | D:7      | Got a twisted dagger
  7484 | D:7      | Noticed Harold
  7758 | D:7      | Killed Harold
  7758 | D:7      | Reached skill level 5 in Spellcasting
  7978 | D:7      | Reached skill level 6 in Spellcasting
  8139 | D:7      | Found a staircase to the Ecumenical Temple.
  8146 | Temple   | Entered the Ecumenical Temple
  8211 | Temple   | Became a worshipper of Vehumet
  8240 | D:7      | Noticed Menkaure
  8249 | D:7      | Killed Menkaure
  8337 | D:7      | You fall through a shaft!
  8349 | D:8      | Reached skill level 7 in Spellcasting
  8552 | D:7      | Identified the +10 dagger "Sesenam" {distort, *Drain rN+ MR+} (You found it on level 7 of the Dungeon)
  8889 | D:7      | Found a runed door.
  8893 | D:7      | Noticed Crazy Yiuf
  8894 | D:7      | Killed Crazy Yiuf
  8894 | D:7      | Reached XP level 10. HP: 50/50 MP: 22/22
  9015 | D:8      | Found an opulent altar of Gozag.
  9126 | D:7      | Reached skill level 8 in Spellcasting
  9388 | D:8      | Identified a scroll of acquirement
  9388 | D:8      | Identified the Incunabulum of Beguiling and Confrontation (You acquired it on level 8 of the Dungeon)
  9518 | D:8      | Learned a level 4 spell: Airstrike
  9883 | D:8      | Learned a level 2 spell: Blink
  9994 | D:8      | Reached skill level 11 in Air Magic
 10038 | D:8      | Reached skill level 11 in Conjurations
 10070 | D:8      | Noticed a two-headed ogre
 10088 | D:8      | Killed a two-headed ogre
 10088 | D:8      | Reached skill level 9 in Spellcasting
 10437 | D:4      | Bought a gilded ring for 150 gold pieces
 10648 | D:9      | Noticed Maurice
 10657 | D:9      | Killed Maurice
 10657 | D:9      | Reached skill level 10 in Spellcasting
 10954 | D:9      | Found Xofoleju's Gadget Boutique.
 10990 | D:9      | Noticed Prince Ribbit
 10995 | D:9      | Killed Prince Ribbit
 11238 | D:9      | Noticed a two-headed ogre
 11249 | D:9      | Killed a two-headed ogre
 11249 | D:9      | Reached skill level 11 in Spellcasting
 11249 | D:9      | Reached XP level 11. HP: 54/54 MP: 22/27
 11352 | D:9      | Reached * piety under Vehumet
 11352 | D:9      | Offered knowledge of Flame Tongue by Vehumet.
 12289 | D:4      | Bought a notched silver ring for 150 gold pieces
 12396 | D:10     | Entered Level 10 of the Dungeon
 12577 | D:10     | Offered knowledge of Sandblast by Vehumet.
 12590 | D:10     | Reached ** piety under Vehumet
 12808 | D:10     | Found a staircase to the Orcish Mines.
 13055 | D:9      | Noticed Grum
 13057 | D:9      | Killed Grum
 13122 | D:9      | Reached skill level 12 in Air Magic
 13846 | D:10     | Noticed a two-headed hydra
 13855 | D:10     | Killed a two-headed hydra
 13855 | D:10     | Reached skill level 12 in Spellcasting
 13955 | D:10     | Got a brightly glowing halberd {elec}
 13979 | D:11     | Noticed a cyclops
 14059 | D:11     | Killed a cyclops
 14059 | D:11     | Reached skill level 13 in Air Magic
 14282 | D:11     | Noticed a moth of wrath
 14285 | D:11     | Noticed a two-headed ogre
 14287 | D:11     | Killed a moth of wrath
 14290 | D:11     | HP: 2/54 [orc/hand axe (8)]
 14290 | D:11     | Slain by an orc

Skill      XL: |  1  2  3  4  5  6  7  8  9 10 11 |
---------------+----------------------------------+-----
Conjurations   | 2 3 4 5 6 8 10 11 | 11.0
Air Magic      | 5 6 7 10 11 13 | 13.5
Spellcasting   | 3 7 11 12 | 12.0
Dodging        | |  2.1
Stealth        | |  2.0

Action                   |  1- 3 |  4- 6 |  7- 9 | 10-12 || total
-------------------------+-------+-------+-------+-------++-------
Melee: Short sword       |       |     1 |     7 |       ||     8
       Broad axe         |       |     3 |    10 |       ||    13
       Kick              |       |     1 |     3 |       ||     4
       Peck              |       |       |     2 |       ||     2
 Cast: Shock             |    34 |    63 |   169 |   126 ||   392
       Static Discharge  |       |    16 |    21 |    19 ||    56
       Mephitic Cloud    |       |       |    12 |     6 ||    18
       Lightning Bolt    |       |       |     6 |    29 ||    35
       Airstrike         |       |       |       |   130 ||   130
 Abil: Evoke Berserk Rag |       |     1 |     2 |       ||     3
Evoke: Wand              |       |       |    13 |    15 ||    28
  Use: Scroll            |     6 |     5 |     7 |     9 ||    27
       Potion            |       |       |     1 |       ||     1
 Stab: Sleeping          |       |     1 |       |       ||     1
       Confused          |       |       |     3 |       ||     3
  Eat: Chunk             |     1 |    10 |    16 |    29 ||    56
       Ration            |       |     1 |     1 |       ||     2
Armor: Robe              |     1 |     3 |     8 |    26 ||    38
Dodge: Dodged            |     7 |    14 |    33 |    53 ||   107

Table legend:
 A = Turns spent in this place as a percentage of turns spent in the entire game.
 B = Non-inter-level travel turns spent in this place as a percentage of non-inter-level travel turns spent in the entire game.
 C = Inter-level travel turns spent in this place as a percentage of turns spent in this place.
 D = Turns resting spent in this place as a percentage of non-inter-level travel turns spent in this place.
 E = Turns spent auto-exploring this place as a percentage of non-inter-level travel turns spent in this place.
 F = Non-inter-level travel turns spent in this place divided by the number of levels of this place that you've seen.
                   A       B       C       D       E      F
               +-------+-------+-------+-------+-------+----------------------
         Total | 100.0 | 100.0 |  10.5 |  41.8 |   1.2 | 1065.5
       Dungeon |  99.4 |  99.6 |  10.3 |  42.0 |   1.2 | 1158.0
        Temple |   0.6 |   0.4 |  46.7 |   0.0 |   0.0 |  48.0
               +-------+-------+-------+-------+-------+----------------------

Table legend:
 A = Kills in this place as a percentage of kills in entire the game.
 B = Kills by you in this place as a percentage of kills by you in the entire game.
 C = Kills by friends in this place as a percentage of kills by friends in the entire game.
 D = Other kills in this place as a percentage of other kills in the entire game.
 E = Experience gained in this place as a percentage of experience gained in the entire game.
 F = Experience gained in this place divided by the number of levels of this place that you have seen.
                   A       B       C       D       E      F
               +-------+-------+-------+-------+-------+----------------------
         Total | 100.0 | 100.0 | 100.0 | 100.0 | 100.0 | 1461.3
       Dungeon | 100.0 | 100.0 | 100.0 | 100.0 | 100.0 | 1594.2
               +-------+-------+-------+-------+-------+----------------------

Vault maps used:
D:1:      dpeg_arrival_arbitrary_b
D:3:      cheibrodos_ashenzari_chains
D:4:      first_ration, serial_shops, kennysheep_mini_moat, uniq_natasha,
          uniq_robin
D:7:      minmay_temple_entry_statues_pillars, uniq_harold,
          uniq_crazy_yiuf_cottage, uniq_menkaure
D:8:      nicolae_gozag_seed_capital
D:9:      serial_shops, kennysheep_mini, grunt_potential, uniq_maurice,
          uniq_grum, uniq_prince_ribbit1
D:10:     orc_0_dummy, hangedman_ranch
D:11:     david_lair_shrubbed, nicolae_trove_entry_free_sample, minmay_radiant
Temple:   nicolae_temple_the_god_donut
